 Dungeon Crawl Stone Soup version 0.28-a0-1199-gef9e1dbd39 (webtiles) character file.

Game seed: 4785489852534792788

383 fragbeetle the Poker (level 6, 0/48 HPs)
             Began as a Merfolk Gladiator on Dec 20, 2021.
             Was an Initiate of Okawaru.
             Slain by an orc (4 damage)
             ... on level 5 of the Dungeon.
             The game lasted 00:08:46 (4161 turns).

fragbeetle the Poker (Merfolk Gladiator)            Turns: 4161, Time: 00:08:47

Health: 0/48       AC:  7    Str: 16    XL:     6   Next: 76%
Magic:  6/6        EV: 13    Int:  7    God:    Okawaru [......]
Gold:   216        SH:  0    Dex: 16    Spells: 5/5 levels left

rFire   . . .      SeeInvis .   a - +0 trident
rCold   . . .      Faith    .   (no shield)
rNeg    + . .      Spirit   .   t - +0 ring mail
rPois   .          Reflect  .   c - +0 helmet
rElec   .          Harm     .   (no cloak)
rCorr   .          Rampage  .   m - +0 pair of gloves
Will    .....                   (no boots)
Stlth   +.........              (no amulet)
HPRegen 0.16/turn               u - ring of positive energy
MPRegen 0.10/turn               (no ring)

@: mighty
A: (nimble swimmer 2), mertail
a: Renounce Religion


You were on level 5 of the Dungeon.
You worshipped Okawaru.
Okawaru was noncommittal.
You visited 2 branches of the dungeon, and saw 6 of its levels.

You collected 216 gold pieces.

Inventory:

Hand Weapons
 a - a +0 trident (weapon)
Missiles
 d - 3 throwing nets
 f - 138 stones (quivered)
Armour
 b - a +0 leather armour
 c - a +0 helmet (worn)
 m - a +0 pair of gloves (worn)
 t - a +0 ring mail (worn)
 v - a +0 kite shield
Jewellery
 u - a ring of positive energy (left hand)
Wands
 x - a wand of flame (10)
Scrolls
 h - 2 scrolls of teleportation {unknown}
 j - 8 scrolls of identify {unknown}
 k - a scroll of fog {unknown}
 o - a scroll of enchant weapon {unknown}
 p - a scroll of vulnerability {unknown}
 q - a scroll of enchant armour {unknown}
 r - a scroll of blinking {unknown}
 s - a scroll of immolation {unknown}
 w - a scroll of magic mapping {unknown}
Potions
 e - a potion of might
 g - 3 potions of curing {unknown}
 i - a potion of magic {unknown}
 l - 2 potions of mutation {unknown}
 n - a potion of cancellation {unknown}


   Skills:
 + Level 4.1 Fighting
 + Level 6.6 Polearms
 - Level 2.0 Throwing
 + Level 2.2 Armour
 + Level 5.9 Dodging


You had 5 spell levels left.
You didn't know any spells.
Your spell library contained the following spells:

 Spells                   Type           Power      Damage    Failure   Level
 Passage of Golubria      Tloc           0%         N/A       100%        4
 Yara's Violent Unravell  Hex/Tmut       0%         3d3       100%        5
 Tukima's Dance           Hex            Unusable   N/A       N/A         3

Dungeon Overview and Level Annotations

Branches:
Dungeon (5/15)             Temple (1/1) D:4

Altars:
Ashenzari
Dithmenos
Elyvilon
Fedhas
Hepliaklqana
Kikubaaqudgha
Makhleb
Nemelex Xobeh
Okawaru
Qazlal
Ru
Sif Muna
Trog
Uskayaw
Vehumet
Wu Jian
Xom
Zin
The Shining One


Innate Abilities, Weirdness & Mutations

((You are quick and stealthy near water. (Stealth+, EV+, Speed+++)))
Your lower body shifts to a powerful aquatic tail in water.


Message History

Aiming: Throw Flame
Press: ? - help, Shift-Dir - straight line, f/p - orc priest
Aim: an orc priest, wielding a +0 hand axe and wearing a +0 chain mail (moderately wounded, 77% to hit)
The puff of flame hits the orc priest.
The orc priest is heavily wounded.
The orc priest hits you with a +0 hand axe.
* * * LOW HITPOINT WARNING * * *
Aiming: Throw Flame
Press: ? - help, Shift-Dir - straight line, f/p - orc priest
Aim: an orc priest, wielding a +0 hand axe and wearing a +0 chain mail (heavily wounded, 77% to hit)
The puff of flame hits the orc priest.
The orc priest is severely wounded.
The orc priest closely misses you.
You barely miss the orc priest.
The orc priest is severely wounded.
The orc priest closely misses you.
You hit the orc priest.
The orc priest is severely wounded.
The orc priest calls down the wrath of Beogh upon you.
Beogh smites you!
* * * LOW HITPOINT WARNING * * *
The orc priest calls upon Beogh to heal the orc priest.
The orc priest is healed somewhat.
It was a potion of might.
You feel very mighty all of a sudden. The orc priest closely misses you.
You puncture the orc priest!
You kill the orc priest!
Okawaru accepts your kill.
You barely miss the orc priest. The orc priest closely misses you.
You closely miss the orc priest.
An orc comes into view. It is wielding a +0 hand axe.
You puncture the orc priest!
The orc priest is almost dead.
The orc priest hits you but does no damage.
You puncture the orc priest!
You kill the orc priest!
Okawaru accepts your kill.
You barely miss the orc. The orc hits you with a +0 hand axe.
You die...

#.# #o# #)# #o# #.#
#.# #.#
##################.#
................@o.#
####################
. #


You could see an orc.

Vanquished Creatures
  A scorpion (D:4)
  A bullfrog zombie (D:5)
  2 hounds (D:4)
  3 orc priests (D:5)
  5 adders
  4 worms
  3 dart slugs
  An orc (D:5)
  6 ball pythons
  4 endoplasms
  6 giant cockroaches
  9 goblins
  7 hobgoblins
  8 jackals
  2 quokkas
  7 bats
  A frilled lizard (D:1)
  6 kobolds
  8 rats (D:1)
  A spectral hobgoblin (D:3)
85 creatures vanquished.

Notes
Turn   | Place    | Note
-------+----------+-------------------------------------------
     0 | D:1      | fragbeetle the Merfolk Gladiator began the quest for the
                  | Orb.
     0 | D:1      | Reached XP level 1. HP: 16/16 MP: 1/1
    98 | D:1      | Reached XP level 2. HP: 19/23 MP: 2/2
   666 | D:1      | Reached XP level 3. HP: 26/28 MP: 3/3
  1019 | D:2      | Reached skill level 5 in Polearms
  1192 | D:2      | Found a broken altar of Ashenzari.
  1657 | D:2      | Reached skill level 1 in Armour
  1898 | D:3      | Reached XP level 4. HP: 32/34 MP: 4/4
  1916 | D:3      | Found a hazy altar of Hepliaklqana.
  2032 | D:3      | Found a faded altar of an unknown god.
  2720 | D:4      | Found a shadowy altar of Dithmenos.
  2734 | D:4      | Reached skill level 5 in Dodging
  2801 | D:4      | Noticed a scorpion
  2812 | D:4      | Killed a scorpion
  2813 | D:4      | Reached XP level 5. HP: 30/41 MP: 5/5
  2992 | D:4      | Found a staircase to the Ecumenical Temple.
  3048 | Temple   | Entered the Ecumenical Temple
  3125 | Temple   | Became a worshipper of Warmaster Okawaru
  3331 | D:4      | Reached skill level 6 in Polearms
  3591 | D:4      | Reached XP level 6. HP: 41/48 MP: 6/6
  3878 | D:5      | Entered Level 5 of the Dungeon
  4161 | D:5      | Slain by an orc

Illustrated notes

Levels and vault maps discovered:
D:1:      tarquinn_simple_flora_water_f, layout_rooms
D:2:      layout_loops_ring, basic_altar
D:3:      layout_rooms, nicolae_hepliaklqana_monster_ancestors,
          shapermc_ecumenical_altar_mp_highgroup, grunt_ministairs_5
D:4:      layout_loops_ring, nicolae_dithmenos_shadow_blocks,
          minmay_temple_entry_glass
D:5:      layout_basic, kennysheep_generic_room_13, uniq_blork_the_orc,
          uniq_sigmund, uniq_menkaure
Temple:   minmay_crystal_spiral_temple

Skill      XL: |  1  2  3  4  5  6 |
---------------+-------------------+-----
Polearms       | 5 6 |  6.6
Armour         | 1 2 |  2.2
Fighting       | 3 4 |  4.1
Dodging        | 5 |  5.9
Throwing       | |  2.0

Action                   |  1- 3 |  4- 6 || total
-------------------------+-------+-------++-------
Melee: Trident           |   137 |   181 ||   318
Throw: Stone             |       |     3 ||     3
Evoke: Wand              |       |     9 ||     9
  Use: Potion            |       |     1 ||     1
 Stab: Sleeping          |     1 |     1 ||     2
Armor: Leather armour    |    42 |    18 ||    60
       Ring mail         |       |    30 ||    30
Dodge: Dodged            |    90 |   106 ||   196

Table legend: (Time is in decaauts)
 A = Elapsed time spent in this place.
 B = Non-inter-level travel time spent in this place.
 C = Inter-level travel time spent in this place.
 D = Time resting spent in this place.
 E = Time spent auto-exploring this place.
 F = Levels seen in this place.
 G = Mean time per level.
                   A        B        C        D        E       F      G
               +--------+--------+--------+--------+--------+-----+--------+
         Total |   4168 |   3947 |    221 |    641 |   2347 |   6 |  694.7 |
       Dungeon |   3958 |   3820 |    138 |    641 |   2244 |   5 |  791.6 |
        Temple |    209 |    126 |     83 |      0 |    103 |   1 |  209.0 |
               +--------+--------+--------+--------+--------+-----+--------+

Top non-repeatable levels by time:
     D:1: 1009 daAuts
     D:4: 1001 daAuts
     D:3: 888 daAuts
     D:2: 777 daAuts
     D:5: 281 daAuts
  Temple: 209 daAuts
